[Event "European Online Club-ch-C 2021"]
[Site "Online"]
[Date "2021.03.27"]
[Round "2.6"]
[White "Grigorian, Spartak"]
[Black "Le Goff, Ronan"]
[Result "0-1"]
[ECO "D58"]
[WhiteElo "2458"]
[BlackElo "2288"]
[Annotator "ChessBase"]
[PlyCount "56"]
[EventDate "2021.03.27"]
[EventType "team-tourn"]
[EventCountry "NET"]
[SourceTitle "playchess.com"]
[Source "ChessBase"]
[SourceQuality "1"]
[TimeControl "900+5"]

1. d4 d5 2. c4 e6 3. Nc3 Nf6 4. Bg5 Be7 5. e3 Nbd7 6. Nf3 h6 7. Bh4 O-O 8. Rc1 c5 9. Be2 dxc4 10. Bxc4 a6 11. a4 b6 12. O-O Bb7 13. Qe2 Ne4 14. Bxe7 Qxe7 15. Rfd1 Rfd8 16. Nxe4 Bxe4 17. Bxa6 Bxf3 18. gxf3 cxd4 19. Rxd4 Nc5 20. Rxd8+ Qxd8 21. Bb5 Nxa4 22. b4 Nc3 23. Qc4 Qg5+ 24. Kh1 Nxb5 25. Rg1 Qf5 26. Rg3 Nd6 27. Qd4 Qb1+ 28. Kg2 Nf5 0-1

[Event "European Online Club-ch-C 2021"]
[Site "Online"]
[Date "2021.03.27"]
[Round "2.7"]
[White "Bouget, Alexandre"]
[Black "Wachinger, Nikolas"]
[Result "0-1"]
[ECO "E21"]
[WhiteElo "2247"]
[BlackElo "2369"]
[Annotator "NA"]
[PlyCount "90"]
[EventDate "2021.03.27"]
[EventType "team-tourn"]
[EventCountry "NET"]
[SourceTitle "playchess.com"]
[Source "ChessBase"]
[SourceQuality "1"]
[TimeControl "900+5"]

1. d4 Nf6 2. c4 e6 3. Nc3 Bb4 4. e3 O-O 5. Bd2 b6 6. Nf3 Bb7 7. Bd3 Bxc3 8. Bxc3 Ne4 9. Rc1 d6 10. O-O Nd7 11. Nd2 Nxc3 12. Rxc3 f5 13. e4 f4 14. e5 f3 15. Nxf3 Bxf3 16. gxf3 dxe5 17. Be4 Qg5+ 18. Kh1 Rad8 19. Rg1 Qh6 20. Rd3 Nf6 21. dxe5 Nxe4 22. fxe4 Rxd3 23. Qxd3 Qf4 24. f3 Qxe5 25. Rg2 Qf6 26. Rd2 g6 27. Kg2 Qg5+ 28. Kf2 Qh4+ 29. Kg2 Qg5+ 30. Kf2 Kg7 31. Qe3 Qh4+ 32. Kg2 Rd8 33. Qc3+ Kf7 34. Rxd8 Qxd8 35. Qe5 Qd2+ 36. Kg3 Qe1+ 37. Kf4 Qc1+ 38. Kg3 Qg1+ 39. Kh3 Qf1+ 40. Kg3 Qxc4 41. Qh8 Qc5 42. Qxh7+ Kf6 43. Qh8+ Ke7 44. Qg7+ Kd6 45. Qxg6 Qg1+ 0-1

[Event "European Online Club-ch-C 2021"]
[Site "Online"]
[Date "2021.03.27"]
[Round "2.8"]
[White "Colbow, Collin"]
[Black "Lahoche, Dorian"]
[Result "1-0"]
[ECO "C55"]
[WhiteElo "2339"]
[BlackElo "2124"]
[Annotator "NA"]
[PlyCount "125"]
[EventDate "2021.03.27"]
[EventType "team-tourn"]
[EventCountry "NET"]
[SourceTitle "playchess.com"]
[Source "ChessBase"]
[SourceQuality "1"]
[TimeControl "900+5"]

1. e4 e5 2. Nf3 Nc6 3. Bc4 Nf6 4. d3 Be7 5. O-O O-O 6. a4 a5 7. Nc3 d6 8. h3 Be6 9. Re1 Nd7 10. Bxe6 fxe6 11. d4 exd4 12. Nxd4 Nxd4 13. Qxd4 Bg5 14. Qc4 Nc5 15. e5 Bxc1 16. Raxc1 Qg5 17. exd6 Rf4 18. Qe2 cxd6 19. Qd2 Raf8 20. Ne2 Rg4 21. Qxg5 Rxg5 22. Rcd1 d5 23. Rd4 Re5 24. Kf1 Kf7 25. Nc3 Rxe1+ 26. Kxe1 Ke7 27. Ke2 Kd6 28. g3 g5 29. h4 h6 30. hxg5 hxg5 31. Rg4 Rf5 32. Nb5+ Ke7 33. Nd4 Re5+ 34. Kf1 Ne4 35. Nf3 Rf5 36. Ke2 Kf6 37. c4 Kg6 38. cxd5 exd5 39. Nh4+ Kh5 40. Nxf5 Kxg4 41. Ne3+ Kh5 42. Nxd5 Nc5 43. Nb6 Kg4 44. Ke3 Nb3 45. Nc4 Nc5 46. Nxa5 Nxa4 47. b3 Nc5 48. b4 Na6 49. b5 Nc5 50. Kd4 b6 51. Nc4 Na4 52. Ne5+ Kf5 53. f3 Nb2 54. Nc4 Na4 55. Kd5 Nc3+ 56. Kc6 g4 57. f4 Ke4 58. Nxb6 Kf3 59. f5 Ne4 60. Nd5 Kxg3 61. b6 Kh2 62. b7 g3 63. b8=Q 1-0

[Event "European Online Club-ch-C 2021"]
[Site "Online"]
[Date "2021.03.27"]
[Round "2.9"]
[White "Lenaerts, Lennert"]
[Black "Delgado Ramirez, Neuris"]
[Result "0-1"]
[ECO "E20"]
[WhiteElo "2357"]
[BlackElo "2615"]
[Annotator "ChessBase"]
[PlyCount "82"]
[EventDate "2021.03.27"]
[EventType "team-tourn"]
[EventCountry "NET"]
[SourceTitle "playchess.com"]
[Source "ChessBase"]
[SourceQuality "1"]
[TimeControl "900+5"]

1. d4 Nf6 2. c4 e6 3. Nc3 Bb4 4. g3 Nc6 5. Bg2 O-O 6. Nf3 b6 7. Ne5 Bb7 8. Bg5 Bxc3+ 9. bxc3 Na5 10. Bxb7 Nxb7 11. Ng4 Nd6 12. Bxf6 gxf6 13. Qd3 f5 14. Ne3 Kh8 15. c5 Ne4 16. f3 Nf6 17. cxb6 axb6 18. O-O Rg8 19. Kh1 Qf8 20. Ng2 Qh6 21. Kg1 Nh5 22. e4 Nxg3 23. hxg3 Rxg3 24. Rad1 Rag8 25. Rf2 Qh3 26. Rdd2 R8g6 27. exf5 Rh6 28. Kf1 Qh1+ 29. Ke2 Rxg2 30. Rxg2 Qxg2+ 31. Kd1 Rh1+ 32. Kc2 Qg1 33. Kb3 Qb1+ 34. Qxb1 Rxb1+ 35. Kc2 Rf1 36. fxe6 fxe6 37. d5 exd5 38. Rxd5 d6 39. Rf5 Kg7 40. Rf4 h5 41. Re4 Rxf3 0-1

[Event "European Online Club-ch-C 2021"]
[Site "Online"]
[Date "2021.03.27"]
[Round "2.10"]
[White "Martinez Alcantara, Jose Eduardo"]
[Black "Van Meegen, Ruud"]
[Result "1-0"]
[ECO "B10"]
[WhiteElo "2620"]
[BlackElo "2295"]
[Annotator "ChessBase"]
[PlyCount "47"]
[EventDate "2021.03.27"]
[EventType "team-tourn"]
[EventCountry "NET"]
[SourceTitle "playchess.com"]
[Source "ChessBase"]
[SourceQuality "1"]
[TimeControl "900+5"]

1. e4 c6 2. Nf3 d5 3. d3 dxe4 4. dxe4 Qxd1+ 5. Kxd1 Nd7 6. Bd3 e5 7. Nfd2 Ngf6 8. f3 Be7 9. Nc4 O-O 10. Be3 Ne8 11. Nbd2 b6 12. Ke2 f6 13. Nb3 Nd6 14. Nxd6 Bxd6 15. Rhd1 Be7 16. a4 Rb8 17. a5 Rd8 18. axb6 axb6 19. Ra7 Kf8 20. Bc4 b5 21. Be6 Nb6 22. Rxd8+ Bxd8 23. Bc5+ Ke8 24. Bf7# 1-0

[Event "European Online Club-ch-C 2021"]
[Site "Online"]
[Date "2021.03.27"]
[Round "2.11"]
[White "De Mon, Gino"]
[Black "Gukesh D"]
[Result "0-1"]
[ECO "D31"]
[WhiteElo "2060"]
[BlackElo "2563"]
[Annotator "ChessBase"]
[PlyCount "64"]
[EventDate "2021.03.27"]
[EventType "team-tourn"]
[EventCountry "NET"]
[SourceTitle "playchess.com"]
[Source "ChessBase"]
[SourceQuality "1"]
[TimeControl "900+5"]

1. d4 d5 2. c4 e6 3. Nc3 Bb4 4. Nf3 dxc4 5. e4 b5 6. Be2 Bb7 7. Qc2 Nf6 8. Bg5 Bxe4 9. Bxf6 Bxc2 10. Bxd8 Kxd8 11. Ne5 Ke7 12. Bf3 c6 13. Bxc6 Bxc3+ 14. bxc3 Nxc6 15. Nxc6+ Kd6 16. Ne5 Rhf8 17. Kd2 Be4 18. f3 Bd5 19. Rhb1 f6 20. Ng4 Rfb8 21. a4 bxa4 22. Rb4 a5 23. Rxb8 Rxb8 24. Kc2 Kc6 25. Ne3 Rb3 26. Rxa4 Kb5 27. Ra2 a4 28. f4 Be4+ 29. Kd2 a3 30. Nd1 Ka4 31. g3 Rb1 32. h4 Kb3 0-1

[Event "European Online Club-ch-C 2021"]
[Site "Online"]
[Date "2021.03.27"]
[Round "2.12"]
[White "Guerrero Olmos, Sergio"]
[Black "De Vries, Leon"]
[Result "1-0"]
[ECO "A48"]
[WhiteElo "2372"]
[BlackElo "2021"]
[Annotator "NA"]
[PlyCount "67"]
[EventDate "2021.03.27"]
[EventType "team-tourn"]
[EventCountry "NET"]
[SourceTitle "playchess.com"]
[Source "ChessBase"]
[SourceQuality "1"]
[TimeControl "900+5"]

1. d4 Nf6 2. Nf3 g6 3. Bf4 c5 4. e3 cxd4 5. exd4 Bg7 6. c3 d6 7. Be2 O-O 8. O-O Nfd7 9. h3 e5 10. Bh2 f5 11. Na3 Nc6 12. Nb5 Nb6 13. Qb3+ Kh8 14. a4 a6 15. Nxd6 Qxd6 16. Qxb6 Rd8 17. dxe5 Qe7 18. Bc4 Be6 19. Bxe6 Qxe6 20. Rad1 Rd7 21. Ng5 Qe7 22. Rxd7 Qxd7 23. e6 Qe7 24. Nf7+ Kg8 25. Re1 Nd8 26. Bd6 Qe8 27. Nxd8 Rxd8 28. c4 Bxb2 29. c5 Bd4 30. Qxb7 Qxa4 31. Qf7+ Kh8 32. e7 Re8 33. Qf8+ Rxf8 34. exf8=Q# 1-0

[Event "European Online Club-ch-C 2021"]
[Site "Online"]
[Date "2021.03.27"]
[Round "2.13"]
[White "Micottis, Dorian"]
[Black "Nguyen, Thai Dai Van"]
[Result "0-1"]
[ECO "C47"]
[WhiteElo "2223"]
[BlackElo "2577"]
[Annotator "ChessBase"]
[PlyCount "82"]
[EventDate "2021.03.27"]
[EventType "team-tourn"]
[EventCountry "NET"]
[SourceTitle "playchess.com"]
[Source "ChessBase"]
[SourceQuality "1"]
[TimeControl "900+5"]

1. e4 e5 2. Nf3 Nc6 3. Nc3 Nf6 4. Be2 Bb4 5. Nd5 Bd6 6. d4 exd4 7. Nxd4 Nxe4 8. Bf3 O-O 9. Bxe4 Re8 10. O-O Rxe4 11. Nf5 Bf8 12. Qf3 Re5 13. Bd2 d6 14. Nfe3 Nd4 15. Qd1 Nf5 16. Bc3 Nxe3 17. fxe3 Rg5 18. Qf3 Be6 19. Nf4 Qd7 20. Qxb7 Re8 21. Qf3 Bg4 22. Qf2 h6 23. Kh1 Bf5 24. Rae1 Be4 25. Rg1 d5 26. Ne2 Bd6 27. Nf4 Qg4 28. Re2 Rf5 29. Qe1 Bxf4 30. exf4 Rh5 31. Re3 Qxf4 32. Qg3 Qxg3 33. Rxg3 g6 34. Re1 d4 35. Bd2 Rhe5 36. Kg1 Bxc2 37. Rc1 d3 38. Bxh6 Re1+ 39. Rxe1 Rxe1+ 40. Kf2 Re2+ 41. Kf1 d2 0-1

[Event "European Online Club-ch-C 2021"]
[Site "Online"]
[Date "2021.03.27"]
[Round "2.14"]
[White "Michalik, Peter"]
[Black "Bruch, Jochen"]
[Result "1-0"]
[ECO "A67"]
[WhiteElo "2594"]
[BlackElo "2187"]
[Annotator "ChessBase"]
[PlyCount "49"]
[EventDate "2021.03.27"]
[EventType "team-tourn"]
[EventCountry "NET"]
[SourceTitle "playchess.com"]
[Source "ChessBase"]
[SourceQuality "1"]
[TimeControl "900+5"]

1. d4 Nf6 2. c4 c5 3. d5 e6 4. Nc3 exd5 5. cxd5 d6 6. e4 g6 7. f4 Bg7 8. Bb5+ Nfd7 9. Be2 O-O 10. Nf3 a6 11. a4 Re8 12. O-O Nf6 13. Qc2 Nbd7 14. Bd2 Rb8 15. Rae1 Qc7 16. Kh1 Nf8 17. e5 Bf5 18. Bd3 Bxd3 19. Qxd3 N6d7 20. e6 fxe6 21. dxe6 Rxe6 22. Ng5 Rxe1 23. Rxe1 h6 24. Nd5 Qd8 25. Ne7+ 1-0

[Event "European Online Club-ch-C 2021"]
[Site "Online"]
[Date "2021.03.27"]
[Round "2.15"]
[White "Kirsch, Laurent"]
[Black "Stocek, Jiri"]
[Result "0-1"]
[ECO "E20"]
[WhiteElo "2120"]
[BlackElo "2604"]
[Annotator "ChessBase"]
[PlyCount "88"]
[EventDate "2021.03.27"]
[EventType "team-tourn"]
[EventCountry "NET"]
[SourceTitle "playchess.com"]
[Source "ChessBase"]
[SourceQuality "1"]
[TimeControl "900+5"]

1. d4 Nf6 2. c4 e6 3. Nc3 Bb4 4. f3 c5 5. d5 O-O 6. e4 d6 7. Nge2 b5 8. Nf4 a6 9. a4 e5 10. Nfe2 bxc4 11. Ng3 Nbd7 12. Bxc4 Nb6 13. Be2 c4 14. O-O a5 15. Kh1 Nfd7 16. f4 exf4 17. Bxf4 Ne5 18. Bxe5 dxe5 19. Bg4 Nd7 20. Qf3 Ra6 21. Qe2 Rh6 22. Nf5 Rg6 23. Bh3 Ba6 24. Rf3 Rf6 25. Raf1 g6 26. Ne3 Rxf3 27. Qxf3 h5 28. Bxd7 Qxd7 29. Qf6 Qd6 30. Qxd6 Bxd6 31. Rf6 Rd8 32. Nb5 Bxb5 33. axb5 Kg7 34. Rf1 Rc8 35. Rc1 c3 36. bxc3 a4 37. Kg1 Bb4 38. c4 Bd2 39. Rc2 Bxe3+ 40. Kf1 Bc5 41. Ke2 a3 42. Kd3 f5 43. Re2 Kf6 44. Kc3 Ra8 0-1

[Event "European Online Club-ch-C 2021"]
[Site "Online"]
[Date "2021.03.27"]
[Round "2.16"]
[White "Hracek, Zbynek"]
[Black "Schlueter, Yves"]
[Result "1-0"]
[ECO "B05"]
[WhiteElo "2565"]
[BlackElo "2058"]
[Annotator "ChessBase"]
[PlyCount "81"]
[EventDate "2021.03.27"]
[EventType "team-tourn"]
[EventCountry "NET"]
[SourceTitle "playchess.com"]
[Source "ChessBase"]
[SourceQuality "1"]
[TimeControl "900+5"]

1. e4 Nf6 2. e5 Nd5 3. d4 d6 4. Nf3 Bg4 5. Be2 e6 6. h3 Bh5 7. c4 Nb6 8. exd6 cxd6 9. Nc3 Be7 10. d5 e5 11. g4 Bg6 12. h4 h6 13. Bd3 Bxd3 14. Qxd3 N8d7 15. Be3 Rc8 16. b3 Nf6 17. Rg1 h5 18. g5 Ng4 19. Nd2 Nxe3 20. fxe3 Nd7 21. Nde4 Nc5 22. Nxc5 Rxc5 23. O-O-O Qa5 24. Kb2 a6 25. Ne4 Rc7 26. c5 Rd7 27. c6 bxc6 28. dxc6 Rd8 29. Nc3 Rc8 30. Nd5 Rxc6 31. g6 f6 32. Qf5 Qd8 33. Qe6 Rf8 34. Rc1 Qd7 35. Qxd7+ Kxd7 36. Rxc6 Kxc6 37. Nxe7+ Kd7 38. Nf5 Rg8 39. e4 Ke6 40. Rd1 d5 41. Rxd5 1-0

[Event "European Online Club-ch-C 2021"]
[Site "Online"]
[Date "2021.03.27"]
[Round "3.2"]
[White "Okuyaz, Duru"]
[Black "Heimann, Andreas"]
[Result "0-1"]
[ECO "B51"]
[WhiteElo "2076"]
[BlackElo "2606"]
[Annotator "ChessBase"]
[PlyCount "108"]
[EventDate "2021.03.27"]
[EventType "team-tourn"]
[EventCountry "NET"]
[SourceTitle "playchess.com"]
[Source "ChessBase"]
[SourceQuality "1"]
[TimeControl "900+5"]

1. e4 c5 2. Nf3 d6 3. Bb5+ Nd7 4. d4 cxd4 5. Qxd4 a6 6. Bxd7+ Bxd7 7. c4 Nf6 8. Nc3 e6 9. O-O Bc6 10. a4 Qa5 11. Bd2 Qc5 12. Qd3 Be7 13. b4 Qh5 14. b5 Bd7 15. a5 O-O 16. e5 dxe5 17. Ne4 Rfd8 18. Ng3 e4 19. Qc2 Qc5 20. Be3 Qc8 21. Nxe4 Bxb5 22. Rfc1 Bc6 23. Ned2 Nd7 24. c5 Qc7 25. Ne4 Nf6 26. Ned2 Ng4 27. Rab1 Rac8 28. h3 Nxe3 29. fxe3 Qxa5 30. Ne4 Qa3 31. Re1 Qd3 32. Qxd3 Rxd3 33. Nf2 Rd7 34. Ne5 Rdc7 35. Nfd3 Bb5 36. Red1 f6 37. Nf3 e5 38. Nb4 Bxc5 39. Nd5 Rc6 40. Kh1 Bf8 41. e4 Kf7 42. Nd2 Rc2 43. Nb3 Be2 44. Re1 Bb5 45. Na5 Rb8 46. Rec1 Rxc1+ 47. Rxc1 Bd6 48. Nb6 Ke6 49. Nc8 Ba3 50. Rc2 b6 51. Nb3 Ba4 52. Rc3 Bxb3 53. Rxb3 Rxc8 54. Rxa3 a5 0-1

[Event "European Online Club-ch-C 2021"]
[Site "Online"]
[Date "2021.03.27"]
[Round "3.3"]
[White "Keymer, Vincent"]
[Black "Gallevci, Yagiz"]
[Result "1-0"]
[ECO "A11"]
[WhiteElo "2591"]
[BlackElo "2069"]
[Annotator "ChessBase"]
[PlyCount "65"]
[EventDate "2021.03.27"]
[EventType "team-tourn"]
[EventCountry "NET"]
[SourceTitle "playchess.com"]
[Source "ChessBase"]
[SourceQuality "1"]
[TimeControl "900+5"]

1. Nf3 d5 2. e3 Nf6 3. c4 c6 4. Nc3 e6 5. b3 Bd6 6. Bb2 O-O 7. h3 Qe7 8. g4 Nbd7 9. Qc2 b6 10. g5 Nh5 11. O-O-O Bb7 12. d4 Rac8 13. Kb1 e5 14. dxe5 Nxe5 15. Be2 g6 16. Nxe5 Bxe5 17. Bxh5 gxh5 18. Qf5 Qe6 19. Qf3 dxc4 20. bxc4 Qxc4 21. Qe4 Qe6 22. f4 Bxc3 23. Qxe6 fxe6 24. Bxc3 c5 25. Rd7 Be4+ 26. Kb2 Rf7 27. Rhd1 Bd5 28. Rd6 Rc6 29. R1xd5 Rxd6 30. Rxd6 Re7 31. Bf6 Rb7 32. Rxe6 Kf7 33. f5 1-0

[Event "European Online Club-ch-C 2021"]
[Site "Online"]
[Date "2021.03.27"]
[Round "3.4"]
[White "Yagiz, Bora"]
[Black "Kollars, Dmitrij"]
[Result "0-1"]
[ECO "C68"]
[WhiteElo "1877"]
[BlackElo "2598"]
[Annotator "ChessBase"]
[PlyCount "48"]
[EventDate "2021.03.27"]
[EventType "team-tourn"]
[EventCountry "NET"]
[SourceTitle "playchess.com"]
[Source "ChessBase"]
[SourceQuality "1"]
[TimeControl "900+5"]

1. e4 e5 2. Nf3 Nc6 3. Bb5 a6 4. Bxc6 dxc6 5. Nc3 f6 6. d4 exd4 7. Qxd4 Qxd4 8. Nxd4 Bd7 9. Be3 O-O-O 10. O-O-O Bb4 11. Nde2 Ne7 12. f3 Ng6 13. a3 Bd6 14. Na4 Kb8 15. Nb6 Be6 16. Na4 Rhe8 17. Nc5 Bc8 18. Ng3 Nh4 19. Rhg1 h6 20. Bf2 Nxg2 21. Nd3 Nf4 22. Kb1 Nh3 23. Be3 Nxg1 24. Rxg1 f5 0-1

[Event "European Online Club-ch-C 2021"]
[Site "Online"]
[Date "2021.03.27"]
[Round "3.9"]
[White "Delgado Ramirez, Neuris"]
[Black "Micottis, Dorian"]
[Result "1/2-1/2"]
[ECO "B10"]
[WhiteElo "2615"]
[BlackElo "2223"]
[Annotator "ChessBase"]
[PlyCount "104"]
[EventDate "2021.03.27"]
[EventType "team-tourn"]
[EventCountry "NET"]
[SourceTitle "playchess.com"]
[Source "ChessBase"]
[SourceQuality "1"]
[TimeControl "900+5"]

1. e4 c6 2. c4 d5 3. cxd5 cxd5 4. exd5 Nf6 5. Nc3 Nxd5 6. Nf3 Nc6 7. Bc4 Nb6 8. Bb3 Bf5 9. d4 e6 10. O-O Be7 11. h3 O-O 12. a3 Bf6 13. Be3 Rc8 14. Qe2 Rc7 15. Rad1 Rd7 16. Ne5 Nxd4 17. Bxd4 Rxd4 18. Qe3 Rxd1 19. Rxd1 Qc7 20. f4 a6 21. Rc1 Bxe5 22. fxe5 Nc4 23. Bxc4 Qxc4 24. Ne2 Qe4 25. Kf2 f6 26. exf6 gxf6 27. Nd4 e5 28. Qb3+ Kh8 29. Nf3 Bd7 30. Rc4 Qd5 31. Qb4 Rg8 32. Rh4 Bc6 33. Rg4 Rxg4 34. hxg4 Kg7 35. Nh4 Kf7 36. Kg3 Qd3+ 37. Kh2 Qd4 38. Qb3+ Bd5 39. Qc2 Qxg4 40. Qc7+ Ke8 41. Qxh7 Bc6 42. Qh8+ Ke7 43. Qh6 Qg5 44. Qh8 Kd7 45. Kg1 Kc7 46. b4 Qc1+ 47. Kh2 Qg5 48. Kg1 Qc1+ 49. Kh2 Qf4+ 50. Kg1 Qe3+ 51. Kh2 Qf4+ 52. Kg1 Qc1+ 1/2-1/2

[Event "European Online Club-ch-C 2021"]
[Site "Online"]
[Date "2021.03.27"]
[Round "3.10"]
[White "Bruch, Jochen"]
[Black "Martinez Alcantara, Jose Eduardo"]
[Result "0-1"]
[ECO "A30"]
[WhiteElo "2187"]
[BlackElo "2620"]
[Annotator "ChessBase"]
[PlyCount "96"]
[EventDate "2021.03.27"]
[EventType "team-tourn"]
[EventCountry "NET"]
[SourceTitle "playchess.com"]
[Source "ChessBase"]
[SourceQuality "1"]
[TimeControl "900+5"]

1. Nf3 Nf6 2. g3 b6 3. Bg2 Bb7 4. O-O g6 5. c4 Bg7 6. Nc3 O-O 7. d3 c5 8. Bf4 d5 9. cxd5 Nxd5 10. Bd2 e6 11. Qc1 Nd7 12. Bh6 N7f6 13. Bxg7 Kxg7 14. Qd2 Qe7 15. Rac1 e5 16. a3 Rad8 17. Rfd1 c4 18. Qg5 cxd3 19. Rxd3 Rfe8 20. Nxd5 Bxd5 21. Nh4 Kf8 22. Qh6+ Kg8 23. Qg5 e4 24. Rdd1 Qe5 25. Qxe5 Rxe5 26. Bf1 e3 27. f4 Ree8 28. Ng2 Ng4 29. Rd3 Bxg2 30. Rxd8 Rxd8 31. Kxg2 Rd2 32. Kf3 Nxh2+ 33. Kxe3 Nxf1+ 34. Rxf1 Rxb2 35. Ra1 Rb3+ 36. Kf2 f5 37. a4 a5 38. Rc1 Rb4 39. Rc6 Kf7 40. Rc7+ Ke6 41. Rxh7 Rxa4 42. Rc7 Rb4 43. Rc6+ Kf7 44. Ke3 a4 45. Kd2 b5 46. Kc2 Rc4+ 47. Rxc4 bxc4 48. Kc3 a3 0-1

[Event "European Online Club-ch-C 2021"]
[Site "Online"]
[Date "2021.03.27"]
[Round "3.11"]
[White "Gukesh D"]
[Black "Kirsch, Laurent"]
[Result "1-0"]
[ECO "D02"]
[WhiteElo "2563"]
[BlackElo "2120"]
[Annotator "ChessBase"]
[PlyCount "87"]
[EventDate "2021.03.27"]
[EventType "team-tourn"]
[EventCountry "NET"]
[SourceTitle "playchess.com"]
[Source "ChessBase"]
[SourceQuality "1"]
[TimeControl "900+5"]

1. d4 d5 2. Nf3 Nf6 3. Bf4 c5 4. e3 Nc6 5. Nbd2 Qb6 6. dxc5 Qxb2 7. Rb1 Qc3 8. Bb5 g6 9. e4 dxe4 10. Be5 Qa5 11. O-O exf3 12. Bxf6 exf6 13. Qxf3 Qc7 14. Qxf6 Rg8 15. Rfe1+ Be7 16. Qd6 Qxd6 17. cxd6 Be6 18. dxe7 Kxe7 19. Bxc6 bxc6 20. Rb7+ Kf6 21. Ne4+ Kg7 22. Nd6 Bxa2 23. c4 Rgd8 24. Nxf7 Rdb8 25. Rc7 Rb1 26. Ne5+ Kg8 27. Rxb1 Bxb1 28. Nd7 a5 29. Nf6+ Kf8 30. Rxh7 Ra6 31. Rb7 Bc2 32. Nd7+ Kg8 33. Nc5 Ra8 34. Rb2 Bf5 35. Ra2 Kf7 36. f3 Kf6 37. g4 Be6 38. Ra4 g5 39. Kf2 Ke5 40. Ke3 Kd6 41. Kd4 Rh8 42. Nxe6 Kxe6 43. Rxa5 Rxh2 44. Rxg5 1-0

[Event "European Online Club-ch-C 2021"]
[Site "Online"]
[Date "2021.03.27"]
[Round "3.12"]
[White "Schlueter, Yves"]
[Black "Guerrero Olmos, Sergio"]
[Result "0-1"]
[ECO "A26"]
[WhiteElo "2058"]
[BlackElo "2372"]
[Annotator "NA"]
[PlyCount "62"]
[EventDate "2021.03.27"]
[EventType "team-tourn"]
[EventCountry "NET"]
[SourceTitle "playchess.com"]
[Source "ChessBase"]
[SourceQuality "1"]
[TimeControl "900+5"]

1. c4 Nc6 2. Nc3 e5 3. g3 g6 4. Bg2 Bg7 5. d3 d6 6. Nf3 h6 7. O-O Be6 8. Rb1 Qd7 9. Bd2 Nge7 10. b4 Bh3 11. b5 Nd8 12. a4 O-O 13. Nd5 Bxg2 14. Kxg2 f5 15. Nxe7+ Qxe7 16. Qb3 Kh7 17. e4 Ne6 18. Rbe1 f4 19. g4 h5 20. h3 Qd7 21. Qd1 Bf6 22. Rh1 a6 23. Reg1 axb5 24. axb5 Ra3 25. Bb4 Ra2 26. Kf1 Rfa8 27. Bc3 R8a3 28. gxh5 Rxc3 29. hxg6+ Kg8 30. Nd2 Rxd3 31. Qh5 Rdxd2 0-1

[Event "European Online Club-ch-C 2021"]
[Site "Online"]
[Date "2021.03.27"]
[Round "3.13"]
[White "Babula, Vlastimil"]
[Black "Braun, Christian"]
[Result "1/2-1/2"]
[ECO "E95"]
[WhiteElo "2559"]
[BlackElo "2409"]
[Annotator "ChessBase"]
[PlyCount "85"]
[EventDate "2021.03.27"]
[EventType "team-tourn"]
[EventCountry "NET"]
[SourceTitle "playchess.com"]
[Source "ChessBase"]
[SourceQuality "1"]
[TimeControl "900+5"]

1. d4 Nf6 2. c4 g6 3. Nc3 Bg7 4. e4 d6 5. Nf3 O-O 6. Be2 e5 7. O-O Nbd7 8. Re1 Qe7 9. Bf1 c6 10. Rb1 Re8 11. d5 c5 12. Bg5 a6 13. Nd2 Rf8 14. a3 Qe8 15. b4 h6 16. Be3 h5 17. f3 Nh7 18. a4 f5 19. a5 Qe7 20. Na4 cxb4 21. Qb3 f4 22. Bf2 g5 23. c5 g4 24. c6 g3 25. hxg3 fxg3 26. Bxg3 Qg5 27. Bf2 Ndf6 28. cxb7 Bxb7 29. Nc4 Qg6 30. Nxd6 Ng5 31. Nf5 Rf7 32. Kh1 Bxd5 33. Qxb4 Bf8 34. Qb6 Ngxe4 35. fxe4 Bxe4 36. Rxe4 Qxf5 37. Ree1 Nd7 38. Qb3 Qxf2 39. Bc4 Qh4+ 40. Kg1 Qf2+ 41. Kh1 Qh4+ 42. Kg1 Qf2+ 43. Kh1 1/2-1/2

[Event "European Online Club-ch-C 2021"]
[Site "Online"]
[Date "2021.03.27"]
[Round "3.14"]
[White "Zimmermann, Luc"]
[Black "Reuker, Jari"]
[Result "0-1"]
[ECO "B22"]
[WhiteElo "2151"]
[BlackElo "2423"]
[Annotator "NA"]
[PlyCount "82"]
[EventDate "2021.03.27"]
[EventType "team-tourn"]
[EventCountry "NET"]
[SourceTitle "playchess.com"]
[Source "ChessBase"]
[SourceQuality "1"]
[TimeControl "900+5"]

1. e4 c5 2. c3 Nf6 3. e5 Nd5 4. d4 cxd4 5. Nf3 e6 6. cxd4 d6 7. a3 Bd7 8. Bd3 Bc6 9. O-O Nd7 10. Re1 Be7 11. b4 a6 12. Nbd2 dxe5 13. dxe5 a5 14. b5 Nc3 15. Qc2 Nxb5 16. Ne4 Bxe4 17. Bxe4 Nc5 18. Qb2 Nc7 19. Bxb7 Nxb7 20. Qxb7 O-O 21. Be3 Nd5 22. Bd4 Qc8 23. Qxc8 Rfxc8 24. a4 Kf8 25. Rec1 Bb4 26. g3 Ke7 27. Kf1 h6 28. Ke2 Kd7 29. Kd3 Rab8 30. Nd2 Rxc1 31. Rxc1 Bxd2 32. Kxd2 Rb4 33. Bc3 Rxa4 34. Rc2 g5 35. Rb2 Ke7 36. Rb7+ Kf8 37. Rb8+ Kg7 38. Ra8 Ra2+ 39. Kd3 Nxc3 40. Kxc3 Rxf2 41. Ra6 Rxh2 0-1

[Event "European Online Club-ch-C 2021"]
[Site "Online"]
[Date "2021.03.27"]
[Round "3.15"]
[White "Wachinger, Nikolas"]
[Black "De Mon, Gino"]
[Result "1-0"]
[ECO "B51"]
[WhiteElo "2369"]
[BlackElo "2060"]
[Annotator "NA"]
[PlyCount "27"]
[EventDate "2021.03.27"]
[EventType "team-tourn"]
[EventCountry "NET"]
[SourceTitle "playchess.com"]
[Source "ChessBase"]
[SourceQuality "1"]
[TimeControl "900+5"]

1. e4 c5 2. Nf3 d6 3. Bb5+ Nd7 4. d4 cxd4 5. Qxd4 a6 6. Bxd7+ Bxd7 7. Nc3 Nf6 8. Bg5 e6 9. O-O-O Rc8 10. e5 dxe5 11. Nxe5 Rc7 12. Ne4 h6 13. Bxf6 gxf6 14. Nxd7 1-0

[Event "European Online Club-ch-C 2021"]
[Site "Online"]
[Date "2021.03.27"]
[Round "3.16"]
[White "De Vries, Leon"]
[Black "Schulze, Lara"]
[Result "0-1"]
[ECO "A09"]
[WhiteElo "2021"]
[BlackElo "2269"]
[Annotator "NA"]
[PlyCount "68"]
[EventDate "2021.03.27"]
[EventType "team-tourn"]
[EventCountry "NET"]
[SourceTitle "playchess.com"]
[Source "ChessBase"]
[SourceQuality "1"]
[TimeControl "900+5"]

1. Nf3 Nf6 2. c4 e6 3. g3 d5 4. Bg2 d4 5. O-O c5 6. d3 Nc6 7. e3 Bd6 8. exd4 cxd4 9. b4 Bxb4 10. Qa4 O-O 11. Bb2 Bc5 12. Na3 e5 13. Rfe1 Re8 14. Ng5 Bf5 15. Rad1 Rc8 16. Qb5 Qb6 17. Qxb6 Bxb6 18. Nb5 Bc5 19. Bd5 Nxd5 20. cxd5 Nb4 21. Ne4 Bxe4 22. dxe4 a6 23. a3 axb5 24. axb4 Bxb4 25. Re2 Bc3 26. Rb1 b4 27. Bc1 Ra8 28. f4 d3 29. Rg2 exf4 30. Bxf4 Rxe4 31. d6 f6 32. h4 Kf7 33. Bd2 Ke6 34. Rb3 Rc8 0-1